AoeStats
← Alexeug

Arabia

510159002Analyzed
2v2 RM · 4d ago on Sep 29, 2026· 47m 55s· 4 players
Game mode
Random Map
Map size
Medium (4 player)
Population
200
Speed
Normal
Resources
Standard
Victory
Conquest
Starting age
Dark Age
Ending age
Imperial Age
RankedLock teamsTeams togetherTeam positionsShared explorationLock speedFull tech treeHidden civsTurbo modeCheats
Victory
Defeat
🇦🇷 Spanish · Argentina
850
+17
🇪🇸 Khmer · Spain
850
+17
🇫🇷 Burgundians · France
888
-18
🇫🇷 Lithuanians · France
848
-40
Your Dad
9:07 Loom
13:05 Feudal Age
16:27 Castle Age
15:04 Double-Bit Axe
18:57 Town Watch
20:16 Ballistics
20:33 Fletching
21:51 Bodkin Arrow
23:44 Bow Saw
24:55 Horse Collar
26:13 Wheelbarrow
28:24 Hand Cart
28:11 Town Patrol
28:26 Heavy Plow
28:09 Pikeman
31:06 Fortified Wall
34:02 Imperial Age
31:57 Fortified Wall
31:55 Gold Mining
31:56 Stone Mining
33:42 Stone Shaft Mining
33:27 Forging
34:40 Scale Barding Armor
35:12 Iron Casting
34:44 Bracer
34:51 Scale Barding Armor
34:14 Halberdier
34:55 Squires
36:19 Iron Casting
35:13 Light Cavalry
35:54 Husbandry
36:10 Bloodlines
37:32 Chemistry
37:44 Cavalier
39:36 Hussar
41:05 Paladin
46:18 Blast Furnace
45:39 Chain Barding Armor
45:19 Padded Archer Armor
Gian_p20
10:15 Feudal Age
16:58 Castle Age
17:22 Loom
22:52 Horse Collar
25:22 Double-Bit Axe
25:55 Stone Mining
26:39 Pikeman
28:33 Wheelbarrow
28:43 Scale Mail Armor
29:43 Murder Holes
30:09 Ballistics
30:36 Fletching
31:48 Hand Cart
34:45 Town Watch
35:46 Bodkin Arrow
35:52 Padded Archer Armor
36:09 Chain Mail Armor
43:53 Imperial Age
41:37 Forging
43:21 Iron Casting
45:22 Conscription
46:24 Chemistry
45:35 Masonry
Pia-Pia
6:19 Loom
9:35 Feudal Age
11:47 Double-Bit Axe
13:05 Horse Collar
13:43 Bloodlines
15:26 Forging
16:19 Bloodlines
16:27 Bloodlines
17:34 Scale Barding Armor
21:41 Castle Age
22:38 Bow Saw
22:31 Heavy Plow
26:26 Town Watch
27:17 Wheelbarrow
28:42 Husbandry
29:24 Iron Casting
29:10 Chain Barding Armor
29:42 Gold Mining
29:43 Stone Mining
32:10 Stone Shaft Mining
40:04 Imperial Age
39:02 Hand Cart
38:48 Town Patrol
41:24 Crop Rotation
41:58 Two-Man Saw
41:33 Cavalier
42:52 Plate Barding Armor
45:04 Fletching
45:15 Padded Archer Armor
45:40 Ballistics
46:21 Chemistry
45:03 Elite Skirmisher
45:49 Thumb Ring
Alexeug
7:31 Loom
10:14 Feudal Age
15:33 Double-Bit Axe
18:47 Bow Saw
18:19 Horse Collar
21:28 Heavy Plow
22:11 Scale Barding Armor
22:09 Padded Archer Armor
24:37 Castle Age
24:13 Gold Mining
24:59 Cavalier
26:39 Crop Rotation
26:49 Gold Shaft Mining
29:35 Stone Mining
29:22 Pikeman
32:31 Two-Man Saw
31:55 Chain Barding Armor
31:41 Elite Skirmisher
43:13 Husbandry
Connection lost

Rejoining the realm…

Still unreachable

The connection could not be restored.

Session expired

The server has moved on; the page needs a fresh start.